 Dungeon Sprint DCSS version 0.31.0-12-g77e489cdc1 (webtiles) character file.

Game seed: 2458126272518232165

433 Minsecho the Thaumaturge (level 11, -5/160 HPs)
             Began as an Oni Fire Elementalist on Feb 17, 2024.
             Was a High Priest of Okawaru.
             Slain by an earth elemental (15 damage)
             ... in the Dungeon (Sprint VI: "Thunderdome").
             The game lasted 00:13:58 (1124 turns).

Minsecho the Thaumaturge (Oni Fire Elementalist)    Turns: 1124, Time: 00:13:58

Health: -5/160     AC: -39   Str: 19    XL:     11   Next: 7%
Magic:  27/28      EV: 14    Int: 23    God:    Okawaru [*****.]
Gold:   178        SH:  5    Dex: 11    Spells: 24/37 levels left

rFire   + . .        p - staff of conjuration
rCold   + . .        (no shield)
rNeg    . . .        u - +1 robe "Coreut Qado" {rF+ rC+ Str+3}
rPois   .            (helmet restricted)
rElec   .            (no cloak)
rCorr   .            (gloves unavailable)
SInv    .            (boots unavailable)
Will    +....        s - amulet "Cimit" {Reflect Regen+ Int+3 SH+5} Stlth
                     r - ring of Brilliance {AC+4 Int+4}
HPRegen 1.26/turn    (no ring)
MPRegen 0.21/turn

%: no teleportation, reflection
@: berserking, heroic, corroded, very quick
A: large, unfitting armour, horns 1, tough skin 1, double potion healing,
drunken brawling
}: 1/15 runes: decaying
a: Renounce Religion, Heroism, Finesse


You were in the Dungeon.
You worshipped Okawaru.
Okawaru was extremely pleased with you.
You visited 1 branch You collected 750 gold pieces.
You spent 572 gold pieces at shops.

Inventory:

Hand Weapons
 n - a +0 club
 o - a +0 whip
 q - a +0 flail
Missiles
 t - a curare-tipped dart
Armour
 u - the +1 robe "Coreut Qado" (worn) {rF+ rC+ Str+3}
   (You bought it in a shop in the Dungeon)

   Str+3:     It affects your strength (+3).
   rF+:       It protects you from fire.
   rC+:       It protects you from cold.
Magical Staves
 p - a staff of conjuration (weapon)
Jewellery
 r - the ring of Brilliance (left hand) {AC+4 Int+4}
   (You bought it in a shop in the Dungeon)

   [ring of protection]

   AC+4:      It affects your AC (+4).
   Int+4:     It affects your intelligence (+4).
 s - the amulet "Cimit" (around neck) {Reflect Regen+ Int+3 SH+5}
   (You bought it in a shop in the Dungeon)

   [amulet of reflection]

   Reflect:   It reflects blocked missile attacks.
   Int+3:     It affects your intelligence (+3).
   Regen+:    It increases your rate of health regeneration.
   SH+5:      It affects your SH (+5).
Wands
 m - a wand of flame (28)
Scrolls
 g - 3 scrolls of blinking
 j - 3 scrolls of fog
Potions
 b - 2 potions of magic
 c - 5 potions of curing
 d - 2 potions of heal wounds
 e - a potion of haste
 k - a potion of resistance


   Skills:
 + Level 6.7(11.7) Fighting
 + Level 6.1(11.4) Maces & Flails
 + Level 2.9(9.9) Staves
 + Level 2.4(7.4) Throwing
 + Level 1.7(6.7) Armour
 + Level 6.7(11.7) Dodging
 + Level 3.6(8.6) Stealth
 + Level 13.6 Spellcasting
 + Level 6.0 Conjurations
 + Level 6.0 Translocations
 + Level 12.0 Fire Magic
 + Level 3.2 Invocations
 + Level 2.6 Evocations


You had 24 spell levels left.
You knew the following spells:

 Your Spells              Type           Power      Damage    Failure   Level
a - Foxfire               Conj/Fire      100%       2x1d9     1%          1
b - Scorch                Fire           100%       2d9       1%          2
c - Inner Flame           Hex/Fire       43%        N/A       1%          3
d - Volatile Blastmotes   Fire/Tloc      100%       2d18      1%          3
e - Flame Wave            Conj/Fire      72%        2d16      1%          4

Your spell library contained the following spells:

 Spells                   Type           Power      Damage    Failure   Level


Dungeon Overview and Level Annotations

Branches:
Dungeon (1/1)

Altars:
Cheibriados
Dithmenos
Fedhas
Gozag
Kikubaaqudgha
Makhleb
Okawaru
Qazlal
Ru
Sif Muna
Trog
Uskayaw
Vehumet
Wu Jian
Xom
Yredelemnul
Zin
The Shining One
Lugonu

Shops:
D *[=??*?*:[((!!!!


Innate Abilities, Weirdness & Mutations

You are too large for most types of armour.
You have a pair of small horns on your head.
You have tough skin. (AC +1)
You gain doubled healing and magic from potions.
Whenever you drink a healing potion, you attack all around you.


Message History

Unknown command.
A red film seems to cover your vision as you go berserk!
You feel yourself moving faster!
You feel mighty! The rust devil closely misses you.
You hit the rust devil but do no damage.
You headbutt the rust devil, but do no damage.
The rust devil is almost dead.
The rust devil hits you. The rust devil corrodes you!
You hit the rust devil.
You headbutt the rust devil, but do no damage.
Your punch misses the rust devil.
The rust devil is almost dead.
The earth elemental hits you!!
You hit the rust devil but do no damage.
The rust devil is almost dead.
The rust devil hits you. The rust devil corrodes you!
The earth elemental hits you!!
* * * LOW HITPOINT WARNING * * *
You hit the rust devil but do no damage.
You headbutt the rust devil, but do no damage.
The rust devil is almost dead.
You hit the rust devil but do no damage.
Your headbutt misses the rust devil.
The rust devil is almost dead.
The rust devil hits you.
* * * LOW HITPOINT WARNING * * *
The rust devil corrodes you! The earth elemental closely misses you.
You barely miss the rust devil. Your punch misses the rust devil.
The rust devil is almost dead.
The earth elemental hits you!!
* * * LOW HITPOINT WARNING * * *
You hit the rust devil but do no damage.
The rust devil is almost dead.
The rust devil misses you.
You hit the rust devil but do no damage.
You headbutt the rust devil, but do no damage.
You punch the rust devil, but do no damage.
The rust devil is almost dead.
The earth elemental hits you!
You die...

......_# .......#
....÷..###
........⌠#
.......8.######
.###.......__∩## .#
#.8........∩###
.###...........E.##
#...###........4@⌠#
#.<.# #........E.⌠#
#...###..........⌠#
.###..........÷..##
.# #.8........∩###
.###......___∩##
.......8.######
.....)..⌠#
.......###


You could see 2 earth elementals and a rust devil.

Vanquished Creatures
  the Lernaean hydra (D)
  A rust devil (D)
  A vampire mosquito (D)
  A hell hound (D)
  A black bear (D)
  4 wolves (D)
  A kobold brigand (D)
  6 vampire bats (D)
  A hound (D)
  2 iron imps (D)
  Ijyb (D)
  An adder (D)
  An orc (D)
  2 goblins (D)
  A jackal (D)
  2 kobolds (D)
27 creatures vanquished.

Vanquished Creatures (others)
  A bloated husk (D)
  122 foxfires (D)
123 creatures vanquished.

Grand Total: 150 creatures vanquished

Notes
Turn   | Place    | Note
-------+----------+-------------------------------------------
     0 | D        | Minsecho the Oni Fire Elementalist began the quest for the
                  | Orb.
     0 | D        | Reached XP level 1. HP: 16/16 MP: 3/3
     2 | D        | Found a shimmering altar of Xom.
     2 | D        | Found a shadowy altar of Dithmenos.
     3 | D        | Found a sacrificial altar of Ru.
     3 | D        | Found a glowing golden altar of the Shining One.
     4 | D        | Found a snail-covered altar of Cheibriados.
     4 | D        | Found Jaodown's Staff Store.
     4 | D        | Found Buenwum's Magic Scroll Shop.
     5 | D        | Found an ancient bone altar of Kikubaaqudgha.
     5 | D        | Found Xiufecoq's Must-Have Magic.
     5 | D        | Found Rauzosih's Magic Scroll Shop.
     5 | D        | Round 1.
     7 | D        | Noticed a black bear
    10 | D        | Found Kutil's Distillery.
    11 | D        | Found Jiczujag's Distillery.
    11 | D        | Found Tuephaj's Bottled Wisdom.
    12 | D        | Found a blossoming altar of Fedhas.
    12 | D        | Found a radiant altar of Vehumet.
    12 | D        | Found Nuiceum's Do-It-Yourself Clinic.
    16 | D        | Found an ornate altar of the Wu Jian Council.
    17 | D        | Found a glowing silver altar of Zin.
    18 | D        | Found a stormy altar of Qazlal.
    19 | D        | Found a burning altar of Makhleb.
    19 | D        | Found a basalt altar of Yredelemnul.
    19 | D        | Found a shimmering blue altar of Sif Muna.
    19 | D        | Found Izuap's Weapon Rack.
    19 | D        | Found Binupliv's Premium Goods.
    21 | D        | Found Vyett's Basic Armour.
    21 | D        | Found Ihest's Miscellaneous Merchandise.
    24 | D        | Reached skill level 3 in Spellcasting
    24 | D        | Reached skill level 1 in Conjurations
    24 | D        | Reached XP level 2. HP: 18/24 MP: 0/6
    27 | D        | Found an iron altar of Okawaru.
    28 | D        | Found a hide-covered altar of Uskayaw.
    32 | D        | Found Voshruir's Identification Station.
    32 | D        | Found Nexzory's Advanced Armour.
    33 | D        | Found Ceimud's Jewellery.
    35 | D        | Became a worshipper of Warmaster Okawaru
    37 | D        | Found a bloodstained altar of Trog.
    37 | D        | Found a corrupted altar of Lugonu.
    37 | D        | Found an opulent altar of Gozag.
    37 | D        | Found Cuduotwu's Timeless Talismans.
    38 | D        | Killed a black bear
    38 | D        | Reached * piety under Okawaru
    39 | D        | Reached skill level 5 in Spellcasting
    39 | D        | Reached XP level 3. HP: 24/31 MP: 0/9
    39 | D        | Reached XP level 4. HP: 30/39 MP: 0/11
    74 | D        | Bought a bloodstained robe for 199 gold pieces
    74 | D        | Identified the +0 robe of Tenacity {rF- Regen+ MP+9} (You
                  | bought it in a shop in the Dungeon)
   128 | D        | Arena points: 4 (+4) [x1]
   143 | D        | Round 2.
   143 | D        | Noticed Ijyb
   157 | D        | Killed Ijyb
   158 | D        | Reached XP level 5. HP: 16/46 MP: 6/13
   167 | D        | Noticed a kobold brigand
   183 | D        | Killed a kobold brigand
   184 | D        | Reached skill level 1 in Fighting
   184 | D        | Reached skill level 1 in Maces & Flails
   184 | D        | Reached skill level 6 in Spellcasting
   227 | D        | Arena points: 32 (+28) [x2]
   271 | D        | Round 3.
   290 | D        | Reached ** piety under Okawaru
   291 | D        | Reached XP level 6. HP: 57/57 MP: 15/15
   316 | D        | Reached skill level 7 in Spellcasting
   331 | D        | Learned a level 2 spell: Scorch
   335 | D        | Learned a level 3 spell: Inner Flame
   339 | D        | Learned a level 3 spell: Volatile Blastmotes
   344 | D        | Learned a level 4 spell: Flame Wave
   422 | D        | Arena points: 95 (+63) [x3]
   423 | D        | Reached XP level 7. HP: 68/68 MP: 18/18
   471 | D        | Round 4.
   523 | D        | Reached skill level 5 in Dodging
   523 | D        | Reached skill level 8 in Spellcasting
   595 | D        | Reached *** piety under Okawaru
   616 | D        | Reached skill level 5 in Fighting
   616 | D        | Reached skill level 5 in Maces & Flails
   616 | D        | Reached skill level 9 in Spellcasting
   616 | D        | Reached skill level 5 in Conjurations
   628 | D        | Arena points: 223 (+128) [x4]
   629 | D        | Reached skill level 1 in Invocations
   629 | D        | Reached XP level 8. HP: 80/80 MP: 21/21
   654 | D        | Bought a bound copper ring for 45 gold pieces
   654 | D        | Identified the ring of Brilliance {AC+4 Int+4} (You bought
                  | it in a shop in the Dungeon)
   654 | D        | Bought a slimy golden amulet for 45 gold pieces
   654 | D        | Identified the amulet "Cimit" {Reflect Regen+ Int+3 SH+5}
                  | (You bought it in a shop in the Dungeon)
   665 | D        | Round 5.
   666 | D        | Noticed the 27-headed Lernaean hydra
   666 | D        | Noticed a bloated husk
   680 | D        | Killed a bloated husk
   729 | D        | Noticed a spriggan rider
   740 | D        | Noticed a spriggan druid
   761 | D        | Killed the 27-headed Lernaean hydra
   761 | D        | Reached **** piety under Okawaru
   761 | D        | Reached ***** piety under Okawaru
   761 | D        | Arena points: 433 (+210) [x6]
   762 | D        | Reached skill level 1 in Throwing
   762 | D        | Reached skill level 13 in Spellcasting
   762 | D        | Reached skill level 5 in Translocations
   762 | D        | Reached XP level 9. HP: 89/89 MP: 4/26
   762 | D        | Reached XP level 10. HP: 98/98 MP: 4/27
   762 | D        | Got a decaying rune of Zot
   768 | D        | Reached skill level 1 in Armour
   768 | D        | Reached XP level 11. HP: 74/107 MP: 5/28
   907 | D        | Bought a faintly humming robe for 199 gold pieces
   907 | D        | Identified the +1 robe "Coreut Qado" {rF+ rC+ Str+3} (You
                  | bought it in a shop in the Dungeon)
   952 | D        | Bought 4 potions of curing for 84 gold pieces
   969 | D        | Round 6.
  1073 | D        | Noticed a boulder beetle
  1122 | D        | HP: 8/160 [earth elemental (23)]
  1124 | D        | Slain by an earth elemental

Illustrated notes

Levels and vault maps discovered:
D:        arena_sprint

Skill      XL: |  1  2  3  4  5  6  7  8  9 10 11 |
---------------+----------------------------------+-----
Dodging        | 2 3 4 5 6 |  6.7
Spellcasting   | 3 5 6 7 9 13 | 13.6
Conjurations   | 1 2 3 5 6 |  6.0
Fire Magic     | 3 6 7 8 9 11 12 | 12.0
Stealth        | 2 3 |  3.6
Fighting       | 2 3 5 6 |  6.7
Maces & Flails | 2 3 5 6 |  6.1
Invocations    | 1 3 |  3.2
Throwing       | 1 2 |  2.4
Translocations | 5 6 |  6.0
Evocations     | 2 |  2.6
Staves         | 2 |  2.9
Armour         | 1 |  1.7

Action                     |  1- 3 |  4- 6 |  7- 9 | 10-12 || total
---------------------------+-------+-------+-------+-------++-------
  Melee: Unarmed           |       |     3 |       |       ||     3
         Club              |       |     8 |       |       ||     8
         Flail             |       |     7 |    11 |       ||    18
         Headbutt          |       |     1 |     3 |    14 ||    18
         Staff             |       |       |       |    36 ||    36
         Punch             |       |       |       |     5 ||     5
  Throw: Dart              |       |       |     1 |       ||     1
   Cast: Foxfire           |     4 |    36 |    30 |     5 ||    75
         Volatile Blastmot |       |       |    15 |     1 ||    16
         Scorch            |       |       |     2 |     6 ||     8
 Invoke: Heroism           |       |     1 |     1 |     2 ||     4
  Evoke: Wand              |     1 |       |     5 |     5 ||    11
    Use: Potion            |       |     1 |     3 |     4 ||     8
         Scroll            |       |       |     1 |       ||     1
 Armour: Robe              |     1 |    34 |    18 |    31 ||    84
  Dodge: Dodged            |     1 |    22 |     9 |    15 ||    47
  Block: Other             |       |       |     2 |     4 ||     6
